 Dungeon Crawl Stone Soup version 0.20.1-1-g8b1a95d (webtiles) character file.

18 tidbits the Insei (level 2, -5/22 HPs)
             Began as a Demigod Transmuter on Aug 24, 2017.
             Slain by a bullfrog (6 damage)
             ... on level 3 of the Dungeon.
             The game lasted 00:04:48 (514 turns).

tidbits the Insei (Demigod Transmuter)               Turns: 514, Time: 00:04:49

Health: -5/22      AC:  3    Str: 13    XL:     2   Next: 36%
Magic:  0/7        EV: 12    Int: 17    God:
Gold:   33         SH:  0    Dex: 16    Spells: 2/5 levels left

rFire    . . .     SeeInvis .     - Unarmed
rCold    . . .     Gourm    .   (no shield)
rNeg     . . .     Faith    .   b - +0 robe
rPois    .         Spirit   .   (no helmet)
rElec    .         Reflect  .   (no cloak)
rCorr    .         Harm     .   G - +0 pair of gloves
MR       .....                  (no boots)
Stlth    +.........             (no amulet)
Regen    0.1/turn               (no ring)
MPRegen  0.1/turn               (no ring)

@: appendage, very slightly contaminated
A: horns 2, high mp 1
a: End Transformation


You were on level 3 of the Dungeon.
You were not hungry.
You had grown temporary horns.
You visited 1 branch of the dungeon, and saw 3 of its levels.

You collected 33 gold pieces.

Inventory:

Hand Weapons
 h - a +0 hunting sling
Missiles
 a - 5 arrows
Armour
 b - a +0 robe (worn)
 G - a +0 pair of gloves (worn)
Books
 c - a book of Changes

   Spells                             Type                      Level
   a - Beastly Appendage              Transmutation                1
   b - Sticks to Snakes               Transmutation                2
   c - Spider Form                    Transmutation/Poison         3
   d - Ice Form                       Ice/Transmutation            4
   e - Blade Hands                    Transmutation                5
Comestibles
 d - a bread ration
 f - 3 chunks of flesh


   Skills:
 - Level 0.8 Fighting
 - Level 1.7 Dodging
 + Level 3.1 Unarmed Combat
 - Level 2.0 Spellcasting
 - Level 2.1 Transmutations


You had 2 spell levels left.
You knew the following spells:

 Your Spells              Type           Power        Failure   Level  Hunger
e - Beastly Appendage     Tmut           #.....       8%          1    #......
k - Sticks to Snakes      Tmut           #.......     12%         2    ###....


Dungeon Overview and Level Annotations

Branches:
Dungeon (3/15)

Annotations:
D:3 dscm's ghost, weakling DrWz


Innate Abilities, Weirdness & Mutations

You have an increased reservoir of magic. (+10% MP)
You have a pair of horns on your head.


Message History

Anything else - Cancel.
Gang up on whom?
Press: ? - help, Dir - move target cursor, f - kobold
Aim: a kobold Attack!
The kobold closely misses your adder.
Your adder bites the kobold.
The kobold closely misses your adder.
Your adder bites the kobold.
The kobold is poisoned.
Your adder poisons the kobold!
The kobold misses your adder.
Your adder closely misses the kobold.
The kobold dies!
You swap places.
You see here a kobold corpse.
Your adder withers and dies!
A kobold comes into view. It is wielding a whip.
The kobold shouts!
Casting: Sticks to Snakes
Confirm with . or Enter, or press ? or * to list all spells.
You create a snake!
You now have 8 arrows.
You swap places.
A rat comes into view.
The kobold hits your ball python with a whip.
Your ball python bites the kobold but does no damage.
Your ball python grabs the kobold.
Your ball python constricts the kobold.
The rat moves out of view.
Your ball python bites the kobold.
Your ball python constricts the kobold.
The kobold completely misses your ball python.
Your ball python bites the kobold but does no damage.
Your ball python constricts the kobold.
The kobold hits your ball python with a whip.
Your ball python dies!
Casting: Sticks to Snakes
Confirm with . or Enter, or press ? or * to list all spells.
You create a snake!
You now have 7 arrows.
The rat bites your ball python.
Your ball python dies!
A bullfrog comes into view.
Casting: Sticks to Snakes
Confirm with . or Enter, or press ? or * to list all spells.
You miscast Sticks to Snakes.
You are very lightly contaminated with residual magic.
Your hair momentarily turns into snakes!
The bullfrog croaks.
The kobold hits you with a whip.
* * * LOW HITPOINT WARNING * * *
You aren't carrying any potions.
Unknown command.
Blink to where?
Press: ? - help, Dir - move target cursor
As you read the scroll labeled AFUSOE YMAPH, it crumbles to dust.
It was a scroll of blinking.
Casting: Sticks to Snakes
Confirm with . or Enter, or press ? or * to list all spells.
You create a snake!
You now have 6 arrows.
Something bites your ball python. What are your orders? t - Shout!
Orders for allies: a - Attack new target. r - Retreat! s - Stop attacking. g - Guard the area. f - Follow me.
Anything else - Cancel.
Gang up on whom?
Press: ? - help, Dir - move target cursor, f - rat
Aim: a rat Attack!
The rat closely misses your ball python.
Your ball python bites the rat.
Your ball python barely misses the rat.
Something bites your ball python.
Your ball python dies!
Casting: Sticks to Snakes
Confirm with . or Enter, or press ? or * to list all spells.
You create a snake!
You now have 5 arrows.
The bullfrog hits your ball python.
Your ball python closely misses the bullfrog.
Your ball python grabs the bullfrog.
Your ball python constricts the bullfrog.
You aren't carrying any potions.
Unknown command.
As you read the scroll labeled HIHETZ EQOSAAC, it crumbles to dust.
You feel blessed for a moment.
It was a scroll of remove curse.
The bullfrog struggles to escape constriction.
Your ball python bites the bullfrog.
Your ball python constricts the bullfrog.
The rat bites your ball python.
Your ball python dies!
The bullfrog croaks.
Casting: Sticks to Snakes
Confirm with . or Enter, or press ? or * to list all spells.
You don't have enough magic to cast that spell.
Casting: Sticks to Snakes
Confirm with . or Enter, or press ? or * to list all spells.
You grow a pair of large bovine horns.
The bullfrog hits you but does no damage.
The bullfrog barely misses you.
You hit the bullfrog. You headbutt the bullfrog.
The bullfrog is moderately wounded.
The bullfrog hits you.
* * * LOW HITPOINT WARNING * * *
You hit the bullfrog.
The bullfrog is moderately wounded.
The bullfrog hits you.
You die...

#.####.#####........##.##### ##
#.#.....†...........#.......
#.###.#.#..#####........#..####.
#..... #...# #.....)....†.....
#.#.#####.# ####...###..####♣
#....#...# ##.## #..# # #
##...#..## #.# #..# ♣ ##
##.......#########... .... #
.###....###.K.rF@....# # ####. ♣
..#.....# #.########.# .# #
##.##...# #.# . ##.##...# #.# #.
K...r...# #.# ##.#....# #.#
##.#.#.## #.# ##....... ..#
####.#.######


You could see a bullfrog, a kobold and a rat.

Vanquished Creatures
  A goblin (D:1)
  2 hobgoblins
  3 jackals
  A kobold (D:3)
  3 bats
  5 rats (D:1)
15 creatures vanquished.

Vanquished Creatures (collateral kills)
  A goblin (D:3)
  A jackal (D:3)
  2 kobolds (D:3)
4 creatures vanquished.

Grand Total: 19 creatures vanquished

Notes
Turn   | Place    | Note
-------+----------+-------------------------------------------
     0 | D:1      | tidbits the Demigod Transmuter began the quest for the Orb.
     0 | D:1      | Reached XP level 1. HP: 15/15 MP: 5/5
   154 | D:1      | Reached skill level 2 in Transmutations
   207 | D:1      | Reached skill level 2 in Spellcasting
   277 | D:2      | Reached XP level 2. HP: 12/22 MP: 5/7
   324 | D:3      | Learned a level 2 spell: Sticks to Snakes
   345 | D:3      | Noticed dscm's ghost (weakling DrWz)
   389 | D:3      | Reached skill level 3 in Unarmed Combat
   490 | D:3      | Noticed a bullfrog
   513 | D:3      | HP: 1/22 [bullfrog (5)]
   514 | D:3      | Slain by a bullfrog

Skill      XL: |  1  2 |
---------------+-------+-----
Transmutations | 2 |  2.1
Spellcasting   | 2 |  2.0
Unarmed Combat | 3 |  3.1
Fighting       | |  0.8
Dodging        | |  1.7

Action                   || total
-------------------------++-------
Melee: Unarmed           ||    35
       Kick              ||     7
       Headbutt          ||     2
 Cast: Beastly Appendage ||    13
       Sticks to Snakes  ||     7
  Use: Potion            ||     3
       Scroll            ||     2
Armor: Robe              ||    35
Dodge: Dodged            ||    65

Table legend:
 A = Turns spent in this place as a percentage of turns spent in the entire game.
 B = Non-inter-level travel turns spent in this place as a percentage of non-inter-level travel turns spent in the entire game.
 C = Inter-level travel turns spent in this place as a percentage of turns spent in this place.
 D = Turns resting spent in this place as a percentage of non-inter-level travel turns spent in this place.
 E = Turns spent auto-exploring this place as a percentage of non-inter-level travel turns spent in this place.
 F = Non-inter-level travel turns spent in this place divided by the number of levels of this place that you've seen.
                   A       B       C       D       E      F
               +-------+-------+-------+-------+-------+----------------------
         Total | 100.0 | 100.0 |   0.2 |   0.0 |   0.0 | 151.3
       Dungeon | 100.0 | 100.0 |   0.2 |   0.0 |   0.0 | 151.3
               +-------+-------+-------+-------+-------+----------------------

Table legend:
 A = Kills in this place as a percentage of kills in entire the game.
 B = Kills by you in this place as a percentage of kills by you in the entire game.
 C = Kills by friends in this place as a percentage of kills by friends in the entire game.
 D = Other kills in this place as a percentage of other kills in the entire game.
 E = Experience gained in this place as a percentage of experience gained in the entire game.
 F = Experience gained in this place divided by the number of levels of this place that you have seen.
                   A       B       C       D       E      F
               +-------+-------+-------+-------+-------+----------------------
         Total | 100.0 | 100.0 | 100.0 |  -nan | 100.0 |   9.0
       Dungeon | 100.0 | 100.0 | 100.0 |  -nan | 100.0 |   9.0
               +-------+-------+-------+-------+-------+----------------------

Vault maps used:
D:1:      evilmike_arrival_home_sweet_home
D:2:      minmay_tromino_i4
D:3:      cheibriados_altar_1, serial_forest, infiniplex_forest_straight_2,
          infiniplex_forest_corner_1, infiniplex_forest_end_double,
          infiniplex_forest_straight_4, infiniplex_forest_straight_2,
          infiniplex_forest_lined_2, infiniplex_forest_clump_C,
          infiniplex_forest_straight_1, infiniplex_forest_split, dk_vineyard_2,
          uniq_natasha, uniq_ijyb
